 Dungeon Crawl Stone Soup version 0.29-a0-321-gf1c400731a (webtiles) character file.

Game seed: 1362638380430583762

14387 YayAnonymity the Cleaver (level 12, -11/88 HPs)
             Began as a Formicid Fighter on Apr 4, 2022.
             Was a Priest of Qazlal.
             Mangled by a skeletal warrior
             ... wielding a +0 flail
             ... summoned by an orange crystal statue
              (19 damage)
             ... in a Gauntlet.
             The game lasted 00:31:35 (14187 turns).

YayAnonymity the Cleaver (Formicid Fighter)        Turns: 14187, Time: 00:31:35

Health: -11/88     AC: 21    Str: 25    XL:     12   Next: 44%
Magic:  4/16       EV:  6    Int:  9    God:    Qazlal [***...]
Gold:   247        SH:  0    Dex: 10    Spells: 11/11 levels left

rFire   . . .      SeeInvis +   a - +3 hand axe (venom)
rCold   . . .      Faith    .   w - +0 kite shield
rNeg    . . .      Spirit   .   q - +0 plate armour
rPois   .          Reflect  +   (helmet unavailable)
rElec   .          Harm     .   x - +1 cloak
rCorr   .          Rampage  .   B - +0 pair of gloves
Will    +....                   (no boots)
Stlth   ..........              f - amulet of reflection
HPRegen 0.24/turn               j - ring of flight
MPRegen 0.15/turn               C - +4 ring of protection

@: confused, flying
A: permanent stasis, dig shafts and tunnels, antennae 3, four strong arms
a: Dig, Renounce Religion, Upheaval, Elemental Force


You were in a Gauntlet.
You worshipped Qazlal.
Qazlal was most pleased with you.
You visited 2 branches of the dungeon, and saw 12 of its levels.
You also visited: Sewer, Bailey and Gauntlet.

You collected 667 gold pieces.
You spent 420 gold pieces at shops.

Inventory:

Hand Weapons
 a - a +3 hand axe of venom (weapon)
 b - a +6 morningstar
 d - a +1 executioner's axe of electrocution
Missiles
 i - 46 poisoned darts (quivered)
 m - a throwing net
 s - a silver javelin
 t - 16 boomerangs
Armour
 q - a +0 plate armour (worn)
 w - a +0 kite shield (worn)
 x - a +1 cloak (worn)
 B - a +0 pair of gloves (worn)
Jewellery
 f - an amulet of reflection (around neck)
 j - a ring of flight (left hand)
 C - a +4 ring of protection (right hand)
Wands
 k - a wand of iceblast (10)
 A - a wand of charming (20)
Scrolls
 l - 4 scrolls of fear
 n - 2 scrolls of enchant weapon
 o - 3 scrolls of vulnerability
 p - 2 scrolls of identify
 r - 2 scrolls of immolation
 u - 2 scrolls of enchant armour
 D - 5 scrolls of fog
 E - a scroll of amnesia
Potions
 c - a potion of magic
 e - 3 potions of brilliance
 g - 4 potions of lignification
 h - 9 potions of curing
 z - a potion of attraction
 F - a potion of cancellation


   Skills:
 - Level 6.0 Fighting
 * Level 14.8 Axes
 - Level 5.0 Throwing
 + Level 9.0 Armour
 - Level 7.0 Shields
 + Level 6.2 Invocations


You had 11 spell levels left.
You didn't know any spells.
Your spell library contained the following spells:

 Spells                   Type           Power      Damage    Failure   Level
 Foxfire                  Conj/Fire      0%         2x1d4     100%        1
 Scorch                   Fire           0%         2d5       100%        2
 Conjure Flame            Conj/Fire      0%         6-21      100%        3
 Frozen Ramparts          Ice            0%         1d2       100%        3
 Inner Flame              Hex/Fire       0%         N/A       100%        3
 Tukima's Dance           Hex            0%         N/A       100%        3
 Anguish                  Hex/Necr       0%         N/A       100%        4
 Flame Wave               Conj/Fire      0%         2d4       100%        4
 Ice Form                 Ice/Tmut       0%         N/A       100%        4
 Summon Ice Beast         Ice/Summ       0%         N/A       100%        4
 Summon Cactus Giant      Summ           0%         N/A       100%        6
 Enfeeble                 Hex            0%         N/A       100%        7


Dungeon Overview and Level Annotations

Branches:
Dungeon (12/15)            Temple (1/1) D:5           Sewer (visited)
 Bailey (visited)         Gauntlet (1/1)
   Lair: D:8-11         Orc: D:9-12

Altars:
Ashenzari
Cheibriados
Dithmenos
Elyvilon
Fedhas
Gozag
Hepliaklqana
Kikubaaqudgha
Makhleb
Nemelex Xobeh
Okawaru
Qazlal
Ru
Sif Muna
Trog
Uskayaw
Vehumet
Wu Jian
Yredelemnul
Zin
The Shining One

Shops:
D:1 =   D:6 !

Annotations:
Gauntlet 9 transporters, exclusion: orange crystal statue


Innate Abilities, Weirdness & Mutations

You cannot be hasted, slowed, berserked, paralysed or teleported.
You can dig through walls and to a lower floor.
You have a pair of large antennae on your head. (SInv)
Your four strong arms can wield two-handed weapons with a shield.


Message History

You hit the orange crystal statue but do no damage.
The orange crystal statue glitters.
You resist with almost no effort.
You feel much better. The yak barely misses you.
The skeletal warrior hits you with a +0 flail!!
The yak gores you but does no damage.
You bump into the metal wall.
The yak gores you but does no damage.
The skeletal warrior hits you with a +0 flail!
* * * LOW HITPOINT WARNING * * *
The yak gores you but does no damage.
You bump into the metal wall.
You feel less confused. You block the yak's attack.
You block the skeletal warrior's attack.
The yak gores you but does no damage.
The orange crystal statue glitters.
You are confused.
You hit the orange crystal statue.
The orange crystal statue is lightly damaged.
You barely miss the skeletal warrior. You hit the yak.
The yak looks as sick as possible!
You hit the yak but do no damage.
The yak looks even sicker.
The yak gores you but does no damage.
The skeletal warrior hits you with a +0 flail!
* * * LOW HITPOINT WARNING * * *
The yak gores you.
* * * LOW HITPOINT WARNING * * *
You hit the orange crystal statue.
The orange crystal statue is lightly damaged.
You barely miss the skeletal warrior. You closely miss the yak.
You hit the yak. The yak gores you.
* * * LOW HITPOINT WARNING * * *
The skeletal warrior closely misses you.
The yak gores you.
* * * LOW HITPOINT WARNING * * *
You bump into the translucent stone wall.
The orange crystal statue fixes its piercing gaze on you.
Something tries to feed on your intellect!
The yak gores you but does no damage. The yak closely misses you.
The skeletal warrior hits you with a +0 flail!!
You die...

2h.#.#©#...#.#.....#.#...#sB!©}=.
########...##...©.[.##...########
.#.©.#.....###########.....#.©.#.
.#.8.#...8....#.©.#....8...#.8.#.
.#.©.#........#...#........#.©.#.
#########.....#.©.#.....#########
w.##.#.w#...#########...#......YY
##.#..#.#...#.Yz8Y..#...#.PP....P
.##.##.##...####@####...#..#...#Y
#..#...##...#..#Y#..#...#.......Y
#.©###.##.8.#.##©##.#.8.#....©...
..###...#...#.#...#.#...#.P......
..####.##...#.#...#.#...#..#...#.
#.#.w#..#...#.[?©?..#...#....Y...
.#!©[!.##...#########...#..=!©:..
#########...............#########
..........8.....8.....8..........


You could see an orange crystal statue, a skeletal warrior (summoned) and 3
yaks.

Vanquished Creatures
  An orc warlord (Bailey)
  An entropy weaver (Gauntlet)
  A hydra (D:8)
  A boulder beetle (D:9)
  A two-headed ogre (D:8)
  Pikel (D:7)
  A deep elf pyromancer (D:8)
  A manticore (D:12)
  A cyclops (D:8)
  A gargoyle (D:8)
  Maggie (D:9)
  A kobold demonologist (D:12)
  2 komodo dragons (D:8)
  A troll (D:12)
  A jumping spider (Gauntlet)
  Sigmund (D:6)
  A shadow (D:9)
  A vampire (D:12)
  A wraith (D:8)
  6 yaks (D:8)
  A wyvern (D:8)
  Grum (D:8)
  6 steam dragons
  2 water moccasins (D:8)
  Pargi (Sewer)
  7 orc warriors
  2 black bears (D:5)
  An ice beast (D:6)
  2 sky beasts (D:7)
  2 ogres
  4 wolves (D:8)
  5 centaurs
  2 phantoms
  An elf zombie (D:5)
  3 kobold brigands (D:8)
  10 bullfrogs
  3 necrophages
  2 scorpions
  A gnoll sergeant (D:8)
  7 wights
  2 elf skeletons (D:5)
  5 killer bees
  A human zombie (D:5)
  2 jellies (D:7)
  3 gnoll shamans
  4 hounds
  2 orc priests (D:7)
  2 iguanas (D:6)
  An orc wizard (D:6)
  A human skeleton (D:5)
  21 gnolls
  7 adders
  2 ufetubi
  A worm (D:6)
  17 orcs
  8 ball pythons
  4 endoplasms
  8 giant cockroaches
  16 goblins
  9 hobgoblins
  A jackal (D:2)
  28 kobolds
  4 quokkas
  3 bats
  3 frilled lizards
  An orc zombie (D:5)
  8 rats
253 creatures vanquished.

Vanquished Creatures (others)
  9 fungi (Gauntlet)
  18 plants (Gauntlet)
27 creatures vanquished.

Grand Total: 280 creatures vanquished

Notes
Turn   | Place    | Note
-------+----------+-------------------------------------------
     0 | D:1      | YayAnonymity the Formicid Fighter began the quest for the
                  | Orb.
     0 | D:1      | Reached XP level 1. HP: 18/18 MP: 1/1
   123 | D:1      | Reached XP level 2. HP: 19/24 MP: 2/2
   459 | D:1      | Found Oblih's Jewellery Shoppe.
   657 | D:1      | Reached XP level 3. HP: 23/29 MP: 3/3
  1226 | D:2      | Reached skill level 3 in Axes
  1465 | D:2      | Reached XP level 4. HP: 30/35 MP: 4/4
  1818 | D:3      | Noticed an ogre
  2061 | D:3      | Found a broken altar of Ashenzari.
  2089 | D:3      | Found a glowing golden altar of the Shining One.
  2135 | D:3      | Found a shimmering blue altar of Sif Muna.
  2147 | D:3      | Noticed a scorpion
  2164 | D:3      | Killed a scorpion
  2165 | D:3      | Reached XP level 5. HP: 4/41 MP: 5/5
  2166 | D:3      | HP: 3/61 [poisoned by a scorpion]
  2590 | D:3      | Killed an ogre
  2591 | D:3      | Reached skill level 4 in Axes
  2591 | D:3      | Reached skill level 5 in Shields
  2591 | D:3      | Reached XP level 6. HP: 47/47 MP: 6/6
  2634 | D:3      | Found a blossoming altar of Fedhas.
  3112 | D:4      | Found a sparkling altar of Nemelex Xobeh.
  3116 | D:4      | Noticed an ogre
  3189 | D:4      | Killed an ogre
  3190 | D:4      | Reached skill level 5 in Axes
  3720 | D:4      | Found a burning altar of Makhleb.
  3741 | D:4      | Reached XP level 7. HP: 45/52 MP: 7/7
  4261 | D:5      | Entered Level 5 of the Dungeon
  4307 | D:5      | Reached skill level 6 in Axes
  4311 | D:4      | HP: 2/52 [gnoll/+0 scythe (3)]
  4945 | D:5      | Found a staircase to the Ecumenical Temple.
  4960 | Temple   | Entered the Ecumenical Temple
  4986 | Temple   | Became a worshipper of Qazlal Stormbringer
  5304 | D:5      | Reached skill level 7 in Axes
  5304 | D:5      | Reached XP level 8. HP: 54/58 MP: 8/8
  5808 | D:5      | Reached skill level 8 in Axes
  5966 | D:6      | Reached skill level 1 in Invocations
  6096 | D:6      | Found Hismulu's Distillery.
  6146 | D:6      | Noticed Sigmund
  6158 | D:6      | Killed Sigmund
  6159 | D:6      | Reached XP level 9. HP: 56/65 MP: 10/10
  6184 | D:6      | Reached * piety under Qazlal
  6224 | D:6      | Found a glowing drain.
  6228 | Sewer    | Entered a sewer
  6272 | Sewer    | Noticed Pargi
  6281 | Sewer    | Killed Pargi
  6498 | D:6      | Reached skill level 9 in Axes
  6900 | D:6      | Reached skill level 5 in Fighting
  7101 | D:6      | Found a shadowy altar of Dithmenos.
  7509 | D:7      | Found a flagged portal.
  7527 | D:7      | Reached skill level 10 in Axes
  7564 | D:7      | Reached skill level 5 in Invocations
  7798 | D:7      | Reached XP level 10. HP: 56/71 MP: 13/13
  7822 | D:7      | Identified the +5 hand axe "Mousaock" {speed, rF+}
  7832 | Bailey   | Entered a bailey
  7948 | Bailey   | Noticed an orc warlord
  8015 | Bailey   | Reached ** piety under Qazlal
  8302 | Bailey   | Found a runed translucent gate.
  8303 | Bailey   | Found a runed translucent gate.
  8304 | Bailey   | Found a runed translucent gate.
  8324 | Bailey   | Reached skill level 11 in Axes
  8435 | Bailey   | Killed an orc warlord
  8461 | Bailey   | Acquired a +1 executioner's axe of electrocution
  8602 | D:7      | Noticed Pikel
  8621 | D:7      | Killed Pikel
  8622 | D:7      | Reached skill level 5 in Armour
  8837 | D:7      | Noticed a boulder beetle
  8838 | D:7      | Noticed a five-headed hydra
  8870 | D:7      | Reached skill level 12 in Axes
  9028 | D:8      | Noticed Grum
  9050 | D:8      | Reached XP level 11. HP: 27/81 MP: 14/14
  9057 | D:8      | Killed Grum
 10634 | D:8      | Reached *** piety under Qazlal
 10652 | D:8      | Reached skill level 13 in Axes
 11049 | D:8      | Noticed a two-headed ogre
 11076 | D:8      | Killed a two-headed ogre
 11077 | D:8      | Reached skill level 5 in Throwing
 11390 | D:8      | Identified the +0 robe of the Barber Surgeon {rC++ Str+2
                  | Int+2 Stlth-}
 12237 | D:8      | Noticed a deep elf pyromancer
 12240 | D:8      | Killed a deep elf pyromancer
 12270 | D:8      | Noticed a cyclops
 12272 | D:8      | Noticed a five-headed hydra
 12285 | D:8      | HP: 1/81 [five-headed hydra (8)]
 12290 | D:8      | Killed a five-headed hydra
 12291 | D:8      | Killed a cyclops
 12292 | D:8      | Reached skill level 14 in Axes
 12292 | D:8      | Reached XP level 12. HP: 43/88 MP: 11/15
 12629 | D:1      | Bought an amulet of reflection for 420 gold pieces
 12979 | D:9      | Noticed Maggie
 12998 | D:9      | Killed Maggie
 13078 | D:9      | Found a basalt altar of Yredelemnul.
 13078 | D:9      | Found a glowing silver altar of Zin.
 13123 | D:9      | Noticed a boulder beetle
 13136 | D:9      | Killed a boulder beetle
 13188 | D:9      | You are sucked into a shaft and drop 3 floors!
 13608 | D:11     | Found a gate leading to a gauntlet.
 13611 | Gauntlet | Entered a Gauntlet
 13611 | Gauntlet | Found a transporter.
 13619 | Gauntlet | Noticed an entropy weaver
 13620 | Gauntlet | Found a transporter.
 13625 | Gauntlet | Noticed a hell beast
 13641 | Gauntlet | Found a transporter.
 13662 | Gauntlet | Found a transporter.
 13675 | Gauntlet | Found a transporter.
 13685 | Gauntlet | Noticed a death yak
 13686 | Gauntlet | Noticed a death yak
 13687 | Gauntlet | Noticed a death yak
 13687 | Gauntlet | Noticed a death yak
 13688 | Gauntlet | Found a transporter.
 13717 | Gauntlet | Found a transporter.
 13717 | Gauntlet | Found a transporter.
 13718 | Gauntlet | Noticed an entropy weaver
 13722 | Gauntlet | Found a transporter.
 13745 | Gauntlet | Found a transporter.
 13749 | Gauntlet | Found a transporter.
 13782 | Gauntlet | Found a transporter.
 13840 | Gauntlet | Killed an entropy weaver
 14164 | Gauntlet | Noticed a skeletal warrior
 14187 | Gauntlet | Mangled by a skeletal warrior

Illustrated notes

Levels and vault maps discovered:
D:1:      tarquinn_simple_flora_water_a, layout_basic, serial_shops, shop,
          minmay_misc_feat_pillars
D:2:      layout_rooms, serial_corexii_hall, chequers_hall_statues_y,
          chequers_hall_statues_wall_a, minmay_tripent
D:3:      layout_basic, mainiacjoe_overflow_catwalk,
          mainiacjoe_overflow_two_lobes, mainiacjoe_overflow_chevrons
D:4:      layout_loops_corners, lightli_temple_of_fire,
          mainiacjoe_overflow_paths, moated_statue, minivault_4
D:5:      layout_rooms, minmay_temple_entry_slanted,
          nicolae_ossuary_entry_catacombs, dreamdust_gnoll_farm
D:6:      layout_rooms, grunt_dithmenos_shadows, serial_shops, shop,
          gup_sewer_entry_spiral, uniq_sigmund
D:7:      layout_basic, enter_bailey_2, columned_hall_lemuel,
          lightli_corner_chamber, uniq_pikel
D:8:      layout_loops_corners, nzn_random_ring, uniq_grum
D:9:      layout_roguey, nicolae_overflow_hidden_temple, uniq_maggie
D:11:     layout_basic, zombieorc2_lemuel, gauntlet_entry_generic, uniq_fannar
D:12:     layout_long_grid, uniq_maurice
Temple:   hc_temple_tempest_star
Gauntlet: minmay_gauntlet_mixed_oops_all_seconds
          [minmay_gauntlet_arena_77_broken_ladder, nicolae_gauntlet_arena_x,
          minmay_gauntlet_arena_77_radiant_squares,
          gammafunk_gauntlet_arena_hedges, minmay_gauntlet_arena_77_mirror,
          gammafunk_gauntlet_arena_mazey, dreamdust_gauntlet_exit_labyrinth]

Skill      XL: |  1  2  3  4  5  6  7  8  9 10 11 12 |
---------------+-------------------------------------+-----
Shields        | 4 5 6 7 |  7.0
Axes           | 3 4 5 7 8 10 12 14 | 14.8
Armour         | 4 5 8 9 |  9.0
Invocations    | 2 5 6 |  6.2
Fighting       | 4 5 6 |  6.0
Throwing       | 3 5 |  5.0

Action                   |  1- 3 |  4- 6 |  7- 9 | 10-12 || total
-------------------------+-------+-------+-------+-------++-------
Melee: War axe           |   103 |    60 |     6 |       ||   169
       Hand axe          |       |       |   330 |   525 ||   855
       Morningstar       |       |       |    21 |    17 ||    38
Throw: Dart              |       |    16 |       |     1 ||    17
       Javelin           |       |     2 |       |       ||     2
       Boomerang         |       |       |       |     4 ||     4
       Throwing net      |       |       |       |     1 ||     1
Invok: Upheaval          |       |       |       |     3 ||     3
 Abil: Dig               |       |       |     2 |     2 ||     4
Evoke: Wand              |       |       |       |     1 ||     1
  Use: Potion            |       |     1 |     3 |    10 ||    14
       Scroll            |       |     1 |    13 |     2 ||    16
 Stab: Invisible         |       |       |       |     1 ||     1
       Held in net/web   |       |       |       |     2 ||     2
       Distracted        |       |       |       |     1 ||     1
Armor: Scale mail        |    46 |    29 |   126 |    38 ||   239
       Skin              |       |     3 |       |       ||     3
       Plate armour      |       |       |       |   178 ||   178
Dodge: Dodged            |    62 |    24 |   135 |   130 ||   351
Block: Buckler           |    27 |    20 |    82 |   125 ||   254
       Kite shield       |       |       |       |    97 ||    97
       Reflection        |       |       |       |     4 ||     4

Table legend: (Time is in decaauts)
 A = Elapsed time spent in this place.
 B = Non-inter-level travel time spent in this place.
 C = Inter-level travel time spent in this place.
 D = Time resting spent in this place.
 E = Time spent auto-exploring this place.
 F = Levels seen in this place.
 G = Mean time per level.
                   A        B        C        D        E       F      G
               +--------+--------+--------+--------+--------+-----+--------+
         Total |  14029 |  13181 |    848 |   3522 |   6342 |  15 |  935.3 |
       Dungeon |  12594 |  11764 |    830 |   3046 |   5795 |  11 | 1144.9 |
        Temple |    156 |    138 |     18 |      0 |    122 |   1 |  156.0 |
         Sewer |    120 |    120 |      0 |      0 |     28 |   1 |  120.0 |
        Bailey |    596 |    596 |      0 |    169 |    239 |   1 |  596.0 |
      Gauntlet |    561 |    561 |      0 |    307 |    158 |   1 |  561.0 |
               +--------+--------+--------+--------+--------+-----+--------+

Top non-repeatable levels by time:
     D:8: 2798 daAuts
     D:4: 1860 daAuts
     D:7: 1671 daAuts
     D:6: 1420 daAuts
     D:3: 1350 daAuts
     D:1: 1125 daAuts
     D:5: 865 daAuts
     D:2: 740 daAuts
  Bailey: 596 daAuts
Gauntlet: 561 daAuts
    D:12: 408 daAuts
     D:9: 349 daAuts
  Temple: 156 daAuts
   Sewer: 120 daAuts
    D:11: 2 daAuts
